 Dungeon Crawl Stone Soup version 0.21-a0-621-gc60411f (webtiles) character file.

432250 mortelune the Schismatic (level 22, -27/185 HPs)
             Began as a Demonspawn Abyssal Knight on Dec 21, 2017.
             Was an Elder of Lugonu.
             Killed from afar by a deep elf sorcerer (31 damage)
             ... with damnation
             ... on level 4 of the Vaults on Dec 23, 2017.
             The game lasted 06:20:14 (96136 turns).

mortelune the Schismatic (DsAK)                    Turns: 96136, Time: 06:20:16

Health: -27/185    AC: 28    Str: 20    XL:     22   Next: 86%
Magic:  0/35       EV: 17    Int: 15    God:    Lugonu [****..]
Gold:   2022       SH: 29    Dex: 14    Spells: 18/21 levels left

rFire    + + .     SeeInvis +   g - +5 demon whip (vamp)
rCold    + . .     Gourm    .   z - +0 large shield
rNeg     + . .     Faith    .   Y - +10 pearl dragon scales
rPois    .         Spirit   +   G - +1 helmet {SInv}
rElec    +         Reflect  .   K - scarf {rC+ rF+}
rCorr    .         Harm     .   (gloves unavailable)
MR       ++...                  d - +0 pair of boots
Stlth    ..........             h - amulet of the Air {Inacc +Fly rElec EV+5 RMsl}
HPRegen  0.00/turn              (no ring)
MPRegen  0.48/turn              n - ring of protection from magic

@: corroded, hasted (expiring), repel missiles, very quick
A: claws 3, large bone plates 3, demonic guardian 2, fire resistance 1,
[inhibited regeneration], magic shield, magic regeneration, magic link, flame
cloud immunity
}: 2/15 runes: decaying, gossamer
a: Depart the Abyss, Bend Space, Banish, Corrupt, Renounce Religion, Evoke
Flight


You were on level 4 of the Vaults.
You worshipped Lugonu.
Lugonu was greatly pleased with you.
You were not hungry.

You visited 8 branches of the dungeon, and saw 43 of its levels.
You visited the Abyss 3 times.
You also visited: Labyrinth, Trove and Ice Cave.

You collected 5204 gold pieces.
You spent 3182 gold pieces at shops.

Inventory:

Hand Weapons
 g - a +5 vampiric demon whip (weapon)
 p - a +9 eveningstar of flaming
Missiles
 Z - 9 throwing nets (quivered)
Armour
 d - a +0 pair of boots (worn)
 z - a +0 large shield (worn)
 G - a +1 helmet of see invisible (worn)
 K - a scarf of resistance (worn)
 Y - +10 pearl dragon scales (worn)
Jewellery
 h - the amulet of the Air (around neck) {Inacc +Fly rElec EV+5 RMsl}
   (You found it on level 3 of the Depths)

   [amulet of inaccuracy]

   It reduces the accuracy of all your attacks.
   It affects your evasion (+5).
   It insulates you from electricity.
   It lets you fly.
   It protects you from missiles.
 n - a ring of protection from magic (right claw)
 q - an uncursed ring of flight
 u - a +2 ring of dexterity
 C - the ring "Beomisiz" {Fire Int+4}
   (You found it in a treasure trove)

   [ring of fire]

   It enhances your fire magic.
   It affects your intelligence (+4).
   It protects you from fire.
   It makes you vulnerable to cold.
 J - an uncursed amulet of rage
 V - an uncursed ring of poison resistance
 W - an uncursed ring of resist corrosion
Wands
 k - a wand of polymorph (26)
 D - a wand of acid (18)
 F - a wand of digging (66)
 I - a wand of flame (53)
 P - a wand of clouds (6)
 T - a wand of iceblast (27)
 X - a wand of paralysis (10)
Scrolls
 l - a scroll of silence
 o - 2 scrolls of fear
 t - 11 scrolls of fog
 v - a scroll of amnesia
 w - 15 scrolls of identify
 x - 2 scrolls of immolation
 B - 13 scrolls of remove curse
 U - a scroll of summoning
Potions
 b - 3 potions of magic
 i - 7 potions of flight
 j - 5 potions of agility
 m - 4 potions of resistance
 y - 3 potions of brilliance
 E - 6 potions of mutation
 L - 3 potions of might
Books
 R - a Grand Grimoire

   Spells                             Type                      Level
   a - Monstrous Menagerie            Summoning                    7
   b - Summon Greater Demon           Summoning                    7
   c - Malign Gateway                 Summoning/Translocation      7
   d - Summon Horrible Things         Summoning                    8
Miscellaneous
 f - a fan of gales
 S - a lightning rod (4/4)
Comestibles
 c - 38 rations


   Skills:
 + Level 18.4 Fighting
 - Level 16.0 Maces & Flails
 + Level 17.0 Armour
 + Level 7.1 Dodging
 * Level 18.2 Shields
 + Level 19.9 Invocations
 + Level 7.7 Evocations


You had 18 spell levels left.
You knew the following spells:

 Your Spells              Type           Power        Failure   Level  Hunger
a - Summon Small Mammal   Summ           #...         83%         1    ##.....
b - Apportation           Tloc           #.....       83%         1    ##.....
c - Summon Butterflies    Summ           #.......     83%         1    ##.....


Dungeon Overview and Level Annotations

Branches:
Dungeon (15/15)            Temple (0/1) D:5            Lair (6/6) D:10
  Swamp (4/4) Lair:3       Spider (4/4) Lair:4        Slime (0/5) Lair:5
    Orc (2/2) D:10            Elf (2/3) Orc:2        Vaults (5/5) D:13
  Crypt (0/3) Vaults:2     Depths (5/5) D:15            Zot (0/5) Depths:5

Altars:
Ashenzari
Elyvilon
Hepliaklqana
Kikubaaqudgha
Nemelex Xobeh
Okawaru
Qazlal
Sif Muna
Vehumet
Yredelemnul
Zin
The Shining One
Lugonu

Shops:
D:4 *   D:8 %   D:12 *   D:13 !   Orc:2 ?%?(:   Elf:1 (   Vaults:1 =
Vaults:3 :   Vaults:4 %*   Depths:2 *(

Portals:
Hell: Depths:1 Depths:2 Depths:3 Depths:4 Depths:5
Abyss: Depths:2 Depths:4
Pandemonium: Orc:2 Depths:3
Ziggurat: Depths:5

Annotations:
D:15 corrupted
Swamp:3 corrupted
Swamp:4 corrupted
Spider:4 corrupted
Orc:2 corrupted
Elf:1 exclusion: orange crystal statue, Roxanne
Vaults:2 corrupted
Vaults:5 corrupted
Depths:1 corrupted
Depths:5 corrupted
Abyss:1 Erica, Erolcha, Nergalle, Nessos, Psyche, Sonja


Innate Abilities, Weirdness & Mutations

You have claws for hands.
You are completely covered in large bone plates. (SH +8)
A demonic guardian rushes to your aid.
Your flesh is heat resistant. (rF+)
When hurt, damage is shared between your health and your magic reserves.
You regenerate magic rapidly.
When low on magic, you restore magic in place of health.
You are immune to clouds of flame.
[You do not regenerate when monsters are visible.]


Message History

* * * LOW HITPOINT WARNING * * *
A mysterious force pulls you upwards. The hatch slams shut behind you.
Space bends around you!
You blink.
Space bends around you!
You blink.
Space bends around you!
You blink.
You block the deep elf sorcerer's attack.
Space bends around you!
You blink.
The ogre misses your soul eater.
Your soul eater hits the ogre!!
The ogre dies!
Lugonu accepts your kill.
Okay, then.
The deep elf sorcerer wildly gestures.
The deep elf sorcerer glows brightly for a moment.
The deep elf sorcerer gestures at you while chanting.
Your soul eater resists with almost no effort.
Your soul eater hits the deep elf sorcerer!!
Your extra speed is starting to run out.
The deep elf sorcerer gestures at you while chanting.
The sphere of damnation explodes!
The damnation engulfs you!
You die...

#......##.......# ##
#..)...##.......# ####.
#...)).##.......# #..#.
#####)########### #..#.
#########...######### #..#.
#.......#...#.......# #..'.
#...#####...#####.3.# #..#.
#....##.......##..eC# #..#.
#.#...##.....##@..#.# #..#.
#.##...##...##...##§# ####.
#.###...##)##...###.# ##
#.#.##...#'#...##.#.# #
####..##..[)[..##..#### #
#....))##.....##......###########
#....)))+..[..+.......#.........#
#......##((...##......'.8.≈≈≈.8.#
####..##.......##..####..≈≈≈≈≈..#


You could see a titan, a deep elf sorcerer and a friendly soul eater.

Vanquished Creatures
  A juggernaut (Depths:2)
  Boris (Depths:5)
  A caustic shrike (shapeshifter) (Vaults:5)
  Saint Roka (D:13)
  the Enchantress (D:15)
  2 golden dragons
  A bone dragon (Depths:5)
  A tentacled monstrosity (Vaults:5)
  Jorgrun (Vaults:1)
  A deep elf blademaster (Elf:2)
  An Ice Fiend (IceCv)
  2 quicksilver dragons
  Frances (Swamp:2)
  A tentacled starspawn (Abyss:2)
  A tengu reaver (Vaults:5)
  5 sphinxes
  A draconian monk (Depths:5)
  Agnes (Elf:1)
  A shadow dragon (Vaults:5)
  6 fire giants
  A storm dragon (Vaults:2)
  2 deep elf sorcerers
  11 vault wardens
  2 ghost moths (Spider:4)
  7 frost giants
  2 iron dragons (Depths:3)
  An orc warlord (Vaults:5)
  5 emperor scorpions
  10 ironheart preservers
  A balrug (Depths:5)
  3 spriggan defenders
  A deep elf elementalist (Vaults:5)
  A draconian stormcaller (Depths:5)
  24 very ugly things
  A war gargoyle (Vaults:5)
  11 stone giants
  An apis (Depths:1)
  An ophan (Depths:1)
  3 vampire knights
  2 deep elf demonologists
  4 entropy weavers
  2 purple draconians (Depths:5)
  5 ettins
  A white draconian (Depths:5)
  2 spark wasps
  5 fire dragons
  A deep elf death mage (Elf:1)
  A merfolk impaler (Depths:3)
  5 great orbs of eyes
  16 ogre magi
  12 yaktaur captains
  3 rakshasas
  Harold (Orc:1)
  9 hydras
  6 spriggan air magi
  14 vault guards
  3 centaur warriors
  A ghost crab (Swamp:1)
  6 alligators
  6 ice dragons
  36 two-headed ogres
  5 death knights
  22 dancing weapons
  3 deep troll earth magi
  5 death yaks
  A catoblepas (Lair:6)
  6 deep troll shamans
  A queen ant (Spider:1)
  4 tengu warriors
  A vampire mage (Depths:2)
  10 spriggan berserkers
  2 orc high priests (Orc:2)
  2 sun demons (Depths:5)
  12 deep elf knights
  Urug (D:10)
  A soul eater (Orc:2)
  A salamander mystic (Depths:3)
  6 skeletal warriors
  2 hell knights (Depths:4)
  3 iron trolls
  2 unseen horrors
  16 deep trolls
  2 flayed ghosts
  2 infernal demonspawn (Orc:2)
  A glowing orange brain (Vaults:3)
  2 spriggan druids (Swamp:4)
  7 swamp dragons
  14 ironbrand convokers
  2 shambling mangroves
  A phantasmal warrior (Vaults:5)
  14 orc knights
  2 large abominations
  8 deep elf archers
  5 wizards
  6 necromancers
  6 orb spiders
  A tengu zombie (D:15)
  41 deep elf magi
  27 wolf spiders
  2 sphinx zombies
  An orb spider (shapeshifter) (Vaults:5)
  3 harpies (shapeshifter)
  A harpy (Vaults:2)
  A shining eye (shapeshifter) (Depths:3)
  A human zombie (Vaults:2)
  46 ugly things
  9 orc sorcerers
  2 manticores
  2 salamanders (shapeshifter)
  A faun (shapeshifter) (Vaults:5)
  A fire giant skeleton (D:15)
  2 moths of wrath
  10 salamanders
  An elephant (Lair:6)
  A sphinx skeleton (Depths:2)
  6 cyclopes
  A guardian serpent (shapeshifter) (Vaults:1)
  2 black mambas
  15 vault sentinels
  An ice statue (IceCv)
  A black mamba (shapeshifter) (Depths:3)
  3 centaur zombies
  3 torpor snails
  14 spiny frogs
  A gargoyle (D:15)
  3 centaur skeletons
  8 freezing wraiths
  A kobold demonologist (D:14)
  A rime drake (shapeshifter) (Vaults:4)
  37 yaktaurs
  6 komodo dragons
  A rime drake (Lair:2)
  22 demonic crawlers
  2 anaconda simulacra (IceCv)
  A guardian mummy (D:15)
  6 ice devils (IceCv)
  A golden dragon simulacrum (IceCv)
  A tengu conjurer (D:13)
  A hellwing (Orc:2)
  22 jumping spiders
  9 trolls
  4 polar bears
  41 slime creatures
  15 hornets
  A wolf spider simulacrum (IceCv)
  9 tyrant leeches
  2 raiju (Abyss:1)
  10 blink frogs
  6 bog bodies
  3 hippogriffs
  5 dream sheep
  A hippogriff (shapeshifter) (Elf:2)
  An ice dragon zombie (D:15)
  2 air elementals
  3 shadows
  68 redbacks
  4 spriggans
  2 dire elephant simulacra (IceCv)
  6 wraiths
  33 yaks
  26 tarantellas
  A ynoxinul (Orc:2)
  6 wyverns
  12 water elementals
  Grum (D:11)
  2 fire bats (Depths:3)
  A basilisk (Lair:4)
  2 chaos spawn (Orc:2)
  A hungry ghost (D:11)
  A death yak simulacrum (IceCv)
  A neqoxec (Orc:2)
  5 fire elementals
  4 wargs
  4 harpy simulacra (IceCv)
  An iron troll simulacrum (IceCv)
  14 vampire mosquitoes
  4 acid dragons
  3 soldier ants (Spider:1)
  17 swamp worms
  12 water moccasins
  3 hydra simulacra (IceCv)
  2 porcupines
  4 hell hounds (D:14)
  13 swamp drakes
  3 ice beasts
  45 orc warriors
  A black bear (D:10)
  3 sky beasts
  2 phantoms
  3 ettin simulacra
  30 ogres
  18 wolves
  12 boggarts
  6 centaurs
  12 crocodiles
  3 big kobolds
  3 elf zombies (Elf:1)
  17 bullfrogs
  A wyvern zombie (D:14)
  5 earth elementals
  A water moccasin zombie (D:10)
  6 scorpions
  An elephant simulacrum (IceCv)
  A human simulacrum (Vaults:2)
  30 killer bees
  2 vampire bats (Orc:2)
  7 wights
  An electric eel (Spider:2)
  4 howler monkeys
  4 crimson imps
  2 bullfrog zombies
  3 jellies
  A draconian simulacrum (IceCv)
  6 hounds
  A small abomination (Abyss:2)
  22 orc priests
  An iron imp (Depths:4)
  3 bullfrog skeletons
  4 iguanas
  14 orc wizards
  A spriggan simulacrum (IceCv)
  A troll simulacrum (IceCv)
  2 polar bear simulacra (IceCv)
  14 worker ants
  3 centaur simulacra (IceCv)
  A hound zombie (D:8)
  A howler monkey zombie (D:5)
  6 gnolls
  8 adders
  A naga simulacrum (IceCv)
  5 ogre simulacra (IceCv)
  5 shadow imps
  4 white imps (IceCv)
  5 ufetubi (IceCv)
  2 adder zombies
  2 worms
  4 dart slugs
  3 leopard geckos
  110 orcs
  9 bats
  5 giant cockroaches
  10 goblins
  3 hobgoblins
  9 jackals
  7 quokkas
  2 ball pythons
  5 frilled lizards
  17 kobolds
  A leopard gecko skeleton (D:4)
  A quokka skeleton (D:5)
  4 rats
  A briar patch (Swamp:3)
1646 creatures vanquished.

Vanquished Creatures (collateral kills)
  the Lernaean hydra (Swamp:4)
  A thorn hunter (Swamp:3)
  2 fire giants
  An iron dragon (Depths:3)
  A deep elf sorcerer (Elf:2)
  A vault warden (Vaults:4)
  A frost giant (Depths:3)
  An emperor scorpion (Spider:2)
  2 very ugly things (Depths:3)
  6 ironheart preservers
  A vampire knight (Depths:3)
  A stone giant (Depths:2)
  Azrael (D:14)
  An ettin (Depths:2)
  2 yaktaur captains
  Josephine (D:11)
  A great orb of eyes (Vaults:4)
  2 ogre magi (Depths:2)
  2 vault guards (D:13)
  2 rakshasas
  An ice dragon (Depths:2)
  A spriggan air mage (Depths:4)
  7 hydras
  2 centaur warriors
  11 two-headed ogres
  2 death yaks
  A deep troll earth mage (Depths:3)
  A thrashing horror (Abyss:1)
  2 orc high priests (Orc:2)
  A spriggan berserker (Depths:4)
  An infernal demonspawn (Orc:2)
  An iron troll (Depths:4)
  2 hell knights (Depths:4)
  8 skeletal warriors
  5 deep trolls
  A salamander mystic (Depths:3)
  2 deep elf archers (Vaults:1)
  4 swamp dragons
  A lindwurm (Lair:6)
  3 ironbrand convokers
  An orc knight (Vaults:4)
  2 harpies (Vaults:2)
  A deep elf mage (Vaults:1)
  2 phantasmal warriors
  3 necromancers
  2 orb spiders
  An orc sorcerer (Orc:2)
  11 ugly things
  A centaur zombie (D:15)
  A salamander (Depths:3)
  A manticore (D:13)
  3 elephants (Lair:6)
  A vault sentinel (Vaults:5)
  6 spiny frogs
  A hellion (Abyss:1)
  A rime drake (Lair:5)
  3 freezing wraiths
  A demonic crawler (Spider:4)
  A spark wasp simulacrum (Depths:2)
  10 yaktaurs
  A tyrant leech (Swamp:1)
  A jumping spider (Spider:1)
  2 dream sheep
  9 hornets
  An ice dragon zombie (D:15)
  4 slime creatures
  2 hippogriffs
  6 blink frogs
  A large abomination (Abyss:2)
  2 tarantellas
  An air elemental (Depths:4)
  3 redbacks
  A shadow (Swamp:2)
  2 water elementals (Depths:5)
  24 yaks
  5 spriggans
  3 wraiths
  A wyvern (D:8)
  A swamp worm (Swamp:2)
  An ice beast (D:7)
  A swamp drake (Swamp:3)
  5 orc warriors
  10 ogres
  2 boggarts
  An ettin simulacrum (Vaults:2)
  A bullfrog (Lair:4)
  5 killer bees
  A crimson imp (D:5)
  A starcursed mass (Abyss:1)
  6 orc priests
  A hound (D:7)
  2 gnolls (D:7)
  An adder (D:5)
  A shadow imp (D:5)
  An adder skeleton (D:7)
  15 orcs
  2 jackals (D:10)
  A kobold (D:14)
  A starspawn tentacle (Abyss:2)
  A withered plant (D:15)
271 creatures vanquished.

Vanquished Creatures (others)
  Mara (Swamp:4)
  A pearl dragon (Depths:1)
  Arachne (Spider:4)
  A lich (Depths:4)
  A titan (Vaults:5)
  A sphinx (Vaults:2)
  A shadow dragon (Depths:5)
  2 thorn hunters
  2 fire giants
  4 vault wardens
  An emperor scorpion (Spider:4)
  A ghost moth (Spider:4)
  3 ironheart preservers (Vaults:5)
  A very ugly thing (Vaults:5)
  A spriggan defender (D:15)
  A black draconian (Depths:5)
  A green draconian (Depths:5)
  A vampire knight (Depths:5)
  A purple draconian (Depths:5)
  A red draconian (Depths:5)
  4 ettins
  2 yaktaur captains
  A minotaur (Lab)
  21 vault guards (Vaults:5)
  5 hydras (Swamp:4)
  A dancing weapon (Vaults:5)
  A two-headed ogre (Orc:2)
  4 alligators
  A deep troll shaman (Vaults:5)
  A spriggan berserker (D:15)
  2 deep elf knights (Vaults:5)
  A shadow wraith (Vaults:2)
  A glowing orange brain (Depths:2)
  A flayed ghost (Vaults:3)
  A swamp dragon (Swamp:3)
  3 deep trolls
  An unseen horror (shapeshifter) (Vaults:3)
  2 ironbrand convokers
  11 orb spiders
  3 orc knights
  An orc sorcerer (Orc:2)
  2 wolf spiders (Spider:4)
  3 ugly things (Vaults:1)
  A moth of wrath (Spider:4)
  2 vault sentinels
  A spiny frog (Swamp:2)
  A demonic crawler (Spider:4)
  A tengu conjurer (Depths:1)
  A troll (Orc:2)
  10 jumping spiders (Spider:4)
  A queen bee (D:10)
  2 hornets (Spider:4)
  A bog body (Swamp:3)
  15 redbacks (Spider:4)
  4 tarantellas (Spider:4)
  A hog (shapeshifter) (Vaults:2)
  7 vampire mosquitoes
  3 wargs (Vaults:5)
  5 swamp worms
  4 swamp drakes (Swamp:4)
  5 orc warriors
  An ogre (Orc:2)
  A boggart (Vaults:1)
  3 killer bees (D:10)
  2 vampire bats (Orc:2)
  A hound (D:10)
  An orc priest (Vaults:5)
  An orc wizard (Orc:2)
  An adder (D:9)
  8 orcs
  2 bats (Orc:2)
  4 briar patches (Swamp:3)
  29 fungi
  22 plants
  34 starspawn tentacles
  13 withered plants (D:15)
288 creatures vanquished.

Grand Total: 2205 creatures vanquished

Notes
Turn   | Place    | Note
-------+----------+-------------------------------------------
     0 | Abyss:1  | mortelune the Demonspawn Abyssal Knight began the quest for the Orb.
     0 | Abyss:1  | Reached XP level 1. HP: 18/18 MP: 2/2
    33 | Abyss:1  | Noticed a large abomination
    33 | D:1      | Escaped the Abyss
   511 | D:1      | Reached * piety under Lugonu
   885 | D:1      | Gained mutation: A weak demonic guardian rushes to your aid. [demonic ancestry]
   885 | D:1      | Reached XP level 2. HP: 24/24 MP: 3/3
  1259 | D:1      | Gained mutation: You are partially covered in large bone plates. (SH +4) [demonic ancestry]
  1259 | D:1      | Reached XP level 3. HP: 29/29 MP: 4/4
  1819 | D:2      | Reached XP level 4. HP: 34/36 MP: 5/5
  2564 | D:2      | Reached ** piety under Lugonu
  3505 | D:4      | Found Laemu's Assorted Antiques.
  3517 | D:4      | Noticed an ogre
  3633 | D:4      | Bought a cloak for 135 gold pieces
  4210 | D:4      | Reached XP level 5. HP: 42/42 MP: 6/6
  4459 | D:4      | Killed an ogre
  4502 | D:4      | Found a sparkling altar of Nemelex Xobeh.
  4588 | D:5      | Entered Level 5 of the Dungeon
  4588 | D:5      | Noticed an ogre
  4638 | D:5      | Reached XP level 6. HP: 47/48 MP: 7/7
  5615 | D:5      | Noticed an ice beast
  5630 | D:5      | Killed an ice beast
  5630 | D:5      | Reached skill level 5 in Maces & Flails
  5630 | D:5      | Gained mutation: When hurt, damage is shared between your health and your magic reserves. [demonic ancestry]
  5630 | D:5      | Reached XP level 7. HP: 55/55 MP: 8/8
  5634 | D:5      | Found a staircase to the Ecumenical Temple.
  5681 | D:5      | Reached skill level 5 in Fighting
  6683 | D:6      | Reached *** piety under Lugonu
  6926 | D:6      | Found an iron altar of Okawaru.
  6926 | D:6      | Found a hazy altar of Hepliaklqana.
  6926 | D:6      | Found a shattered altar of Ashenzari.
  6926 | D:6      | Found a deep blue altar of Sif Muna.
  6932 | D:6      | Found an ancient bone altar of Kikubaaqudgha.
  6932 | D:6      | Found a basalt altar of Yredelemnul.
  7415 | D:7      | Reached XP level 8. HP: 59/63 MP: 9/9
  7754 | D:7      | Reached skill level 3 in Invocations
  8747 | D:8      | Noticed a hippogriff
  8755 | D:8      | Killed a hippogriff
  8755 | D:8      | Reached skill level 5 in Armour
  8812 | D:8      | Noticed Erica
  8980 | D:7      | Reached skill level 4 in Invocations
  9079 | D:8      | Found a stormy altar of Qazlal.
  9117 | D:8      | Found Qadey's Food Emporium.
  9208 | D:8      | Banished Erica
  9380 | D:8      | Reached XP level 9. HP: 50/71 MP: 8/12
  9906 | D:8      | Reached skill level 5 in Invocations
 11754 | D:10     | Entered Level 10 of the Dungeon
 11905 | D:10     | Noticed Erolcha
 11909 | D:10     | Banished Erolcha
 11909 | D:10     | Reached skill level 6 in Invocations
 12128 | D:10     | Noticed a queen bee
 12705 | D:10     | Noticed Sonja
 12706 | D:10     | Banished Sonja
 12749 | D:10     | Noticed Psyche
 12749 | D:10     | Banished Psyche
 12749 | D:10     | Reached skill level 7 in Invocations
 12877 | D:10     | Banished a queen bee
 13227 | D:10     | Gained mutation: You have sharp fingernails. [demonic ancestry]
 13227 | D:10     | Reached XP level 10. HP: 65/80 MP: 12/15
 14162 | D:4      | Bought a pair of runed gloves for 225 gold pieces
 14679 | D:10     | Paralysed by an orc warrior for 6 turns
 14692 | D:10     | Paralysed by an orc warrior for 6 turns
 15108 | D:10     | Found a staircase to the Lair.
 15150 | D:10     | Reached skill level 8 in Invocations
 15233 | D:10     | HP: 1/80 [killer bee (5)]
 16372 | D:10     | Found a staircase to the Orcish Mines.
 16564 | D:11     | Noticed a two-headed ogre
 16681 | Lair:1   | Entered Level 1 of the Lair of Beasts
 16725 | Lair:1   | Reached skill level 1 in Shields
 16987 | Lair:1   | Reached **** piety under Lugonu
 17404 | Lair:1   | Noticed a black mamba
 17410 | Lair:1   | Killed a black mamba
 17502 | Lair:1   | Noticed Nergalle
 17520 | Lair:1   | Banished Nergalle
 18079 | Lair:1   | Gained mutation: You have very sharp fingernails. [demonic ancestry]
 18079 | Lair:1   | Reached XP level 11. HP: 79/87 MP: 17/17
 18264 | Lair:1   | Reached skill level 10 in Maces & Flails
 21085 | Lair:3   | Found a staircase to the Swamp.
 22479 | Lair:3   | Got a dazzling scale mail
 22490 | Lair:3   | Identified the +2 scale mail of the Snake Pit {Int+3 Dex+5} (You found it on level 3 of the Lair of Beasts)
 23865 | Lair:3   | HP: 4/90 [blink frog (10)]
 24615 | Lair:3   | Gained mutation: You are mostly covered in large bone plates. (SH +6) [demonic ancestry]
 24615 | Lair:3   | Reached XP level 12. HP: 30/97 MP: 8/18
 25314 | Lair:4   | Noticed a five-headed hydra
 25322 | Lair:4   | Killed a five-headed hydra
 25322 | Lair:4   | Reached skill level 10 in Fighting
 25523 | Lair:4   | Reached skill level 5 in Shields
 25871 | Lair:4   | Noticed a seven-headed hydra
 25880 | Lair:4   | Killed a seven-headed hydra
 26747 | Lair:4   | Reached skill level 9 in Invocations
 26920 | Lair:4   | Found a hole to the Spider Nest.
 27204 | Lair:5   | Noticed a death yak
 27205 | Lair:5   | Noticed a death yak
 27258 | Lair:4   | Killed a death yak
 27342 | Lair:5   | Noticed a six-headed hydra
 27433 | Lair:5   | Killed a six-headed hydra
 27704 | Lair:5   | Found a staircase to the Slime Pits.
 28410 | Lair:5   | Learned a level 1 spell: Summon Small Mammal
 28494 | Lair:5   | Noticed a death yak
 28495 | Lair:5   | Noticed a death yak
 28504 | Lair:5   | Banished a death yak
 28508 | Lair:5   | Noticed a death yak
 28535 | Lair:4   | Killed a death yak
 29105 | Lair:4   | Killed a death yak
 29245 | Lair:5   | Killed a death yak
 29547 | Lair:6   | Entered Level 6 of the Lair of Beasts
 29718 | Lair:5   | Reached skill level 10 in Invocations
 29879 | Lair:6   | Found a labyrinth entrance.
 29891 | Lab      | Entered a labyrinth
 30108 | Lab      | Noticed a minotaur
 30108 | Lab      | Banished a minotaur
 30206 | Lair:6   | Gained mutation: A demonic guardian rushes to your aid. [demonic ancestry]
 30206 | Lair:6   | Reached XP level 13. HP: 51/104 MP: 17/20
 32800 | D:11     | Noticed Grum
 32819 | D:11     | Killed Grum
 32960 | D:11     | Reached ***** piety under Lugonu
 32961 | D:11     | Noticed Josephine
 32973 | D:11     | Killed Josephine
 33398 | D:11     | Reached skill level 10 in Armour
 34281 | D:11     | Found a portal to a secret trove of treasure.
 34966 | D:12     | Found Biwkoch's Assorted Antiques.
 34986 | D:12     | Bought a scroll of identify for 48 gold pieces
 34986 | D:12     | Bought a scroll of enchant weapon for 180 gold pieces
 34986 | D:12     | Bought a scroll of teleportation for 72 gold pieces
 34986 | D:12     | Bought a scroll of blinking for 180 gold pieces
 35859 | D:13     | Found Tiar's Distillery.
 35872 | D:13     | Bought a potion of agility for 60 gold pieces
 36042 | D:13     | Reached ****** piety under Lugonu
 37241 | D:13     | Gained mutation: Your flesh is heat resistant. (rF+) [demonic ancestry]
 37241 | D:13     | Reached XP level 14. HP: 113/113 MP: 21/21
 37289 | D:13     | Found a gate to the Vaults.
 38254 | Orc:1    | Entered Level 1 of the Orcish Mines
 38283 | Orc:1    | Noticed Urug
 38821 | D:10     | Killed Urug
 39153 | Orc:1    | Noticed Harold
 39165 | Orc:1    | Killed Harold
 39506 | Orc:2    | Entered Level 2 of the Orcish Mines
 39507 | Orc:2    | Corrupted Orc:2
 39507 | Orc:2    | Noticed a brown very ugly thing
 39831 | Orc:2    | Found Cafut's Magic Scroll Boutique.
 39845 | Orc:2    | Bought a scroll of enchant weapon for 120 gold pieces
 39845 | Orc:2    | Bought a scroll of teleportation for 48 gold pieces
 39845 | Orc:2    | Bought a scroll of enchant weapon for 120 gold pieces
 39845 | Orc:2    | Bought a scroll of teleportation for 48 gold pieces
 40248 | Orc:2    | Found Piwiegoifu's Food Shop.
 40255 | Orc:2    | Found Feobbublaxt's Magic Scroll Boutique.
 40499 | Orc:2    | Bought a scroll of teleportation for 42 gold pieces
 40499 | Orc:2    | Bought a scroll of enchant weapon for 105 gold pieces
 40499 | Orc:2    | Bought a scroll of teleportation for 42 gold pieces
 40514 | Orc:2    | Found a staircase to the Elven Halls.
 41539 | Orc:2    | Found Ohuariq's Antique Weapon Emporium.
 41539 | Orc:2    | Found a one-way gate leading to the halls of Pandemonium.
 41539 | Orc:2    | Found Ygeu's Book Shoppe.
 42267 | D:14     | Gained mutation: You have claws for hands. [demonic ancestry]
 42267 | D:14     | Reached XP level 15. HP: 94/122 MP: 17/22
 42547 | D:14     | Reached skill level 15 in Maces & Flails
 42621 | D:14     | Noticed Azrael
 42678 | D:14     | Killed Azrael
 43389 | D:15     | Entered Level 15 of the Dungeon
 43394 | D:15     | Noticed Nessos
 43399 | D:15     | Banished Nessos
 43686 | D:15     | Found a glowing golden altar of the Shining One.
 43719 | D:15     | Found a staircase to the Depths.
 43828 | D:15     | Paralysed by a hornet for 2 turns
 44500 | Swamp:1  | Entered Level 1 of the Swamp
 46255 | Swamp:2  | Noticed Frances
 46267 | Swamp:2  | Killed Frances
 46892 | Swamp:2  | Noticed a thorn hunter
 47155 | Swamp:2  | Banished a thorn hunter
 47155 | Swamp:2  | Reached skill level 10 in Shields
 47828 | Swamp:3  | Reached skill level 11 in Invocations
 47943 | Swamp:3  | Found a frozen archway.
 47952 | IceCv    | Entered an ice cave
 48578 | IceCv    | Noticed an Ice Fiend
 48616 | IceCv    | Killed an Ice Fiend
 48616 | IceCv    | Reached XP level 16. HP: 130/131 MP: 17/24
 48861 | IceCv    | Got an encrusted great mace
 48862 | IceCv    | Identified the +8 great mace "Podiuj" {crush, Str+6} (You found it in an ice cave)
 48980 | Swamp:3  | Noticed a thorn hunter
 48993 | Swamp:3  | Corrupted Swamp:3
 48994 | Swamp:3  | Noticed a tentacled monstrosity
 48994 | Swamp:3  | Noticed a bone dragon
 49003 | Swamp:3  | Killed a thorn hunter
 49019 | Swamp:3  | Noticed a tentacled starspawn
 49493 | Swamp:3  | Noticed a thorn hunter
 49501 | Swamp:3  | Killed a thorn hunter
 50261 | Swamp:4  | Entered Level 4 of the Swamp
 50949 | Swamp:4  | Learned a level 1 spell: Apportation
 50951 | Swamp:4  | Learned a level 1 spell: Summon Butterflies
 51278 | Swamp:4  | Noticed Mara
 51278 | Swamp:4  | Corrupted Swamp:4
 51278 | Swamp:4  | Noticed a tentacled starspawn
 51278 | Swamp:4  | Noticed a tentacled starspawn
 51279 | Swamp:4  | Noticed an Executioner
 51284 | Swamp:4  | Killed Mara
 51715 | Swamp:4  | Noticed the 27-headed Lernaean hydra
 51851 | Swamp:4  | Reached skill level 12 in Invocations
 51931 | Swamp:4  | Killed the 27-headed Lernaean hydra
 52370 | Swamp:4  | Got a decaying rune of Zot
 52861 | Spider:1 | Entered Level 1 of the Spider Nest
 53311 | Orc:2    | Bought a scroll of acquirement for 832 gold pieces
 56029 | Spider:2 | Reached skill level 13 in Invocations
 56864 | Spider:3 | Gained mutation: You regenerate magic rapidly. [demonic ancestry]
 56864 | Spider:3 | Reached XP level 17. HP: 139/139 MP: 26/26
 58484 | Spider:4 | Entered Level 4 of the Spider Nest
 59895 | Spider:4 | Noticed Arachne
 59896 | Spider:4 | Corrupted Spider:4
 59914 | Spider:4 | Killed Arachne
 61277 | Spider:4 | Paralysed by a hornet for 2 turns
 61866 | Spider:4 | Got a gossamer rune of Zot
 61987 | Spider:4 | Reached skill level 14 in Invocations
 62792 | Vaults:1 | Entered Level 1 of the Vaults
 62792 | Vaults:1 | Noticed Saint Roka
 63216 | D:13     | Killed Saint Roka
 64385 | Vaults:1 | Reached skill level 15 in Fighting
 64835 | Vaults:1 | Gained mutation: When low on magic, you restore magic in place of health. [demonic ancestry]
 64835 | Vaults:1 | Reached XP level 18. HP: 127/149 MP: 28/28
 65104 | Vaults:1 | Found Zoycs's Jewellery Shop.
 65109 | Vaults:1 | Bought the ring of the Battered Seas {rElec MP+9 Int-3 Slay+3} for 685 gold pieces
 65464 | Vaults:1 | Noticed Jorgrun
 65471 | Vaults:1 | Killed Jorgrun
 65647 | Vaults:1 | Paralysed by an ogre mage for 4 turns
 66625 | Vaults:2 | Reached skill level 15 in Invocations
 67262 | Vaults:2 | Corrupted Vaults:2
 67262 | Vaults:2 | Noticed a tentacled monstrosity
 70173 | Vaults:2 | Found a staircase to the Crypt.
 70271 | Vaults:2 | Upgraded the game from 0.21-a0-584-g185da8e to 0.21-a0-591-g2314aa1
 70271 | Vaults:2 | Upgraded the game from 0.21-a0-591-g2314aa1 to 0.21-a0-621-gc60411f
 70356 | Vaults:3 | Found Unuung's Book Shoppe.
 70421 | Vaults:3 | Paralysed by a hornet for 2 turns
 70826 | Vaults:3 | Cast into level 2 of the Abyss (a deep elf demonologist)
 70888 | Vaults:3 | Escaped the Abyss
 70896 | Vaults:3 | Gained mutation: You are immune to clouds of flame. [demonic ancestry]
 70896 | Vaults:3 | Reached XP level 19. HP: 137/157 MP: 30/30
 71213 | Vaults:3 | Reached skill level 16 in Invocations
 71408 | Vaults:3 | Reached skill level 15 in Shields
 72623 | Vaults:3 | Reached skill level 15 in Armour
 73619 | Vaults:4 | Found Ashrunn's Food Boutique.
 74551 | Vaults:4 | Reached skill level 17 in Invocations
 74866 | Vaults:4 | Found Sypap's Assorted Antiques.
 74884 | Vaults:4 | Bought a twitching marble ring for 240 gold pieces
 74888 | Vaults:4 | Identified the ring of No Interval {Int+6 Stlth-} (You bought it in a shop on level 4 of the Vaults)
 76766 | Elf:1    | Entered Level 1 of the Elven Halls
 76980 | Elf:1    | Found a radiant altar of Vehumet.
 76985 | Elf:1    | Noticed Agnes
 77021 | Elf:1    | Killed Agnes
 77021 | Elf:1    | Reached XP level 20. HP: 79/168 MP: 26/32
 78118 | Elf:1    | Reached skill level 18 in Invocations
 78149 | Elf:1    | Identified the Incunabulum of Unholy Rituals
 78174 | Elf:1    | Noticed Roxanne
 78487 | Elf:1    | Found Qeomon's Weapon Shop.
 79289 | Elf:2    | Found a runed gate.
 79291 | Elf:2    | Found a runed gate.
 79292 | Elf:2    | Found a runed gate.
 81704 | Depths:1 | Entered Level 1 of the Depths
 82172 | Depths:1 | Found a gateway to Hell.
 82277 | Depths:1 | Noticed the Enchantress
 82320 | D:15     | Corrupted D:15
 82798 | D:15     | Killed the Enchantress
 82800 | D:15     | Got faerie dragon scales
 82896 | D:15     | Identified the +0 faerie dragon scales {rC+ rCorr Str+6} (You took it off the Enchantress on level 15 of the Dungeon)
 83089 | Depths:1 | Noticed a pearl dragon
 83099 | Depths:1 | Corrupted Depths:1
 83105 | Depths:1 | Killed a pearl dragon
 83915 | Depths:1 | Found a glowing golden altar of the Shining One.
 83915 | Depths:1 | Found a white marble altar of Elyvilon.
 83915 | Depths:1 | Found a glowing silver altar of Zin.
 85189 | Depths:2 | Reached skill level 1 in Dodging
 85205 | Depths:2 | Found Emicaun's Weapon Shop.
 85329 | Depths:2 | Found Biziruy's Changing Room.
 85406 | Depths:2 | Reached skill level 1 in Evocations
 85583 | Depths:2 | Found a one-way gate to the infinite horrors of the Abyss.
 85736 | Depths:2 | Reached XP level 21. HP: 174/174 MP: 34/34
 85886 | Depths:2 | Noticed a juggernaut
 85929 | Depths:2 | Killed a juggernaut
 86535 | Depths:3 | Found the amulet of the Air {Inacc +Fly rElec EV+5 RMsl}
 87633 | Depths:3 | Reached skill level 19 in Invocations
 87633 | Depths:3 | Reached skill level 5 in Evocations
 88865 | Depths:3 | Reached skill level 5 in Dodging
 89483 | Depths:4 | Found a shattered altar of Ashenzari.
 89839 | Depths:4 | Found a corrupted altar of Lugonu.
 90057 | Depths:4 | Gained mutation: You are completely covered in large bone plates. (SH +8) [demonic ancestry]
 90057 | Depths:4 | Reached XP level 22. HP: 77/184 MP: 23/35
 90665 | D:11     | You paid a toll of a +5 demon whip to enter a treasure trove
 90666 | Trove    | Entered a treasure trove
 90701 | Trove    | Got a faintly glowing bronze ring
 90703 | Trove    | Identified the ring "Beomisiz" {Fire Int+4} (You found it in a treasure trove)
 90722 | Trove    | Got a slimy morningstar
 90723 | Trove    | Identified the +12 morningstar of Power {pain, +Rage} (You found it in a treasure trove)
 90728 | Trove    | Got an iridescent trident
 90729 | Trove    | Identified the +2 trident of a wizard's laboratory {pierce, Int+5} (You found it in a treasure trove)
 92243 | Depths:5 | Entered Level 5 of the Depths
 92331 | Depths:5 | Found a gateway to a ziggurat.
 92563 | Depths:5 | Paralysed by a great orb of eyes for 2 turns
 92582 | Depths:5 | Paralysed by a vampire knight for 3 turns
 92633 | Depths:5 | Noticed Boris
 92652 | Depths:5 | Killed Boris
 92908 | Depths:5 | Paralysed by a vampire knight for 7 turns
 92917 | Depths:5 | Corrupted Depths:5
 93782 | Depths:5 | Noticed a golden dragon
 94527 | Depths:5 | Killed a golden dragon
 94928 | Depths:5 | Found a gate to the Realm of Zot.
 95347 | Vaults:5 | Entered Level 5 of the Vaults
 95348 | Vaults:5 | Corrupted Vaults:5
 95611 | Vaults:5 | Noticed a golden dragon
 95699 | Vaults:5 | Killed a golden dragon
 95828 | Vaults:5 | Noticed a caustic shrike
 95828 | Vaults:5 | an alligator snapping turtle changed into a caustic shrike
 95830 | Vaults:5 | Noticed a golden dragon
 95830 | Vaults:5 | a shadow dragon changed into a golden dragon
 95840 | Vaults:5 | Killed a caustic shrike
 95847 | Vaults:5 | a golden dragon changed into a shadow dragon
 95991 | Abyss:1  | Banished Erolcha
 96122 | Vaults:5 | Escaped the Abyss
 96136 | Vaults:4 | Killed from afar by a deep elf sorcerer

Vault maps used:
D:1:      giann_bridges, corner_web_ring
D:2:      minmay_tiny_reverse_x
D:4:      marbit_many_paths, first_ration, serial_shops, shop
D:5:      temple_green
D:6:      minmay_overflow_temple_hex
D:8:      nicolae_qazlal_general_emergency, serial_shops, shop, uniq_erica
D:10:     grunt_lair_entry_orc_guard_hut, hiddenorc2_lemuel, special_room,
          uniq_psyche, uniq_erolcha, uniq_sonja
D:11:     nicolae_trove_entry_crystal, grunt_ogre_cave, uniq_josephine,
          uniq_grum
D:12:     serial_shops, nicolae_shop_behind_doors, kennysheep_nub
D:13:     grunt_vaults_entry_fortified, minmay_shop_grid_forest,
          grunt_ministairs_2, nrook_uturn
D:14:     minivault_23, serial_bayou_pond_b, minmay_misc_feat_room, uniq_azrael
D:15:     gammafunk_depths_entry_grave, serial_bayou_shore_a, tso_metal_star,
          uniq_nessos
Lair:1:   uniq_nergalle
Lair:3:   minmay_swamp_entry_worms, beast_lair_carwin_1
Lair:4:   spider_nest_entry_funnel_web, lemuel_fruit_tree
Lair:5:   minmay_slime_entry_pillars
Lair:6:   grunt_lair_end_beastmaster, lab_entry_generic,
          infiniplex_staircase_pool_2
Swamp:1:  nicolae_swamp_treefoil, swamp_pool2, infiniplex_staircase_pool
Swamp:2:  hangedman_swamp_ruin_wall, uniq_frances
Swamp:3:  portal_ice_cave_entry_pillars_1, nicolae_swamp_little_tower,
          swamp_pool2, hangedman_swamp_lotus
Swamp:4:  swamp_old_school, uniq_mara
Spider:1: nicolae_spider_ant_collections
Spider:2: guppyfry_spider_mini_2
Spider:3: nicolae_spider_webbed_stairs
Spider:4: johnstein_spider_rune_arachne_lair, hangedman_stitches_earthworm
Orc:1:    uniq_harold, uniq_urug
Orc:2:    pf_orc_diabolical, serial_shops, nicolae_shop_stone, roderic_batcave
Elf:1:    eino_elf_arrival_altar, serial_shops, shop, minmay_elf_necromancy,
          nicolae_wwwww, minivault_15, einodemon_crawler_minivault,
          uniq_roxanne, uniq_agnes
Elf:2:    evilmike_surprise_oklob, basic_stair_grate_trap
Vaults:1: v_rooms_4, v_pattern_4, hangedman_vaults_slice, v_misc_1,
          nicolae_vaults_three_branches, ontoclasm_vaults_loading_screen,
          st_lattice, hangedman_vaults_restitches, grunt_vaults_hallway_short,
          nicolae_vaults_gold_heap, serial_shops, shop, uniq_jorgrun,
          uniq_saint_roka
Vaults:2: grunt_vaults_diagonal, nicolae_vaults_shelves_hall,
          nicolae_vaults_windows_and_doors_thing, ontoclasm_vaults_twist,
          blue_anna_dwarven_crypt, nicolae_vaults_theta, vaults_mumra_hexcomb,
          nicolae_vaults_twisting_passages, st_eye, v_alt_pattern_5, v_misc_12,
          vaults_room_hallway, v_misc_10, ontoclasm_vaults_decontamination,
          vaults_dpeg_ring
Vaults:3: nicolae_vaults_circle_grid_a, grunt_vaults_hallway_short,
          vaults_standard_mumra_x, nicolae_vaults_what_the_h, v_alt_pattern_6,
          v_misc_17, ontoclasm_vaults_loading_screen, grunt_vaults_funnel,
          vaults_room_stairs_pillars, serial_shops, shop
Vaults:4: vaults_room_boxed, vaults_standard_mumra_lines,
          nicolae_vaults_little_squares_1, nicolae_vaults_arrows,
          nicolae_vaults_asterisk, vaults_room_mumra_shop_pool, v_pattern_3,
          v_alt_pattern_2, v_misc_23, v_alt_pattern_1,
          grunt_vaults_hallway_short, serial_shops, shop_fountains
Depths:1: serial_sigils_hangedman_writhe, hell_entry, hallowed_hall,
          serial_bayou_shore_b, grunt_megastairs_2, uniq_enchantress
Depths:2: minmay_the_grid_four_pointed_star, serial_shops, shop,
          minmay_misc_feat_square, abyss_entry_crystal, hell_entry,
          nicolae_transmutations_shop
Depths:3: cross_vault, hell_entry, pan_entry
Depths:4: minmay_shrinking_squares, hex_tiny, grunt_hell_entry_dis_grunt,
          abyss_entry_flame_altar, minmay_variable_closet, kennysheep_doodads,
          evilmike_ruin_ashenzari
Depths:5: grunt_zot_entry_gee_three, enter_ziggurat_b, lightli_too_deep,
          corexii_corridor_pit, uniq_boris
Lab:      nicolae_lab_dead_adventurers, nicolae_lab_diamond,
          labyrinth_skeletal_remains
Trove:    trove_simple
IceCv:    ice_cave_caverns_03

Skill      XL: |  1  2  3  4  5  6  7  8  9 10 11 12 13 14 15 16 17 18 19 20 21 22 |
---------------+-------------------------------------------------------------------+-----
Maces & Flails | 2 3 4 5 6 7 8 9 11 12 13 14 16 | 16.0
Armour         | 2 3 4 5 6 7 8 9 10 11 12 13 14 15 16 17 | 17.0
Fighting       | 4 5 6 7 8 9 10 11 12 13 14 15 17 18 | 18.4
Invocations    | 4 7 8 10 11 13 14 15 17 18 19 | 19.9
Shields        | 2 4 6 7 9 10 11 13 14 15 17 18 | 18.2
Dodging        | 2 5 7 |  7.1
Evocations     | 2 6 7 |  7.7

Action                   |  1- 3 |  4- 6 |  7- 9 | 10-12 | 13-15 | 16-18 | 19-21 | 22-24 || total
-------------------------+-------+-------+-------+-------+-------+-------+-------+-------++-------
Melee: Mace              |   103 |   236 |    69 |       |       |       |       |       ||   408
       Flail             |       |       |   409 |  1418 |   484 |       |       |       ||  2311
       Great mace        |       |       |    28 |    20 |       |    11 |       |       ||    59
       Eveningstar       |       |       |       |       |  1357 |  1788 |  1054 |       ||  4199
       Demon whip        |       |       |       |       |       |    30 |  1501 |   984 ||  2515
Invok: Depart the Abyss  |     1 |       |       |       |       |     1 |       |     1 ||     3
       Bend Space        |       |     2 |     2 |    18 |     4 |     5 |    14 |    26 ||    71
       Banish            |       |       |     8 |     6 |     7 |    26 |     5 |     7 ||    59
       Corrupt           |       |       |       |       |     1 |     4 |     2 |     2 ||     9
       Enter the Abyss   |       |       |       |       |       |       |       |     1 ||     1
 Abil: Evoke Berserk Rag |       |       |       |       |       |       |     2 |       ||     2
       Evoke Flight      |       |       |       |       |       |       |     2 |       ||     2
Evoke: Wand              |       |       |     2 |    19 |     1 |     4 |    10 |     2 ||    38
       Phial of floods   |       |       |       |       |     1 |       |       |       ||     1
  Use: Scroll            |       |     6 |    14 |    11 |    24 |     9 |    25 |    13 ||   102
       Potion            |       |     2 |     4 |     7 |     7 |     5 |     6 |    24 ||    55
 Stab: Distracted        |       |       |     3 |    18 |     6 |     8 |     9 |     4 ||    48
       Petrified         |       |       |       |       |    11 |       |       |       ||    11
       Invisible         |       |       |       |       |     3 |       |       |       ||     3
       Petrifying        |       |       |       |       |     1 |       |       |       ||     1
       Confused          |       |       |       |       |     1 |       |       |       ||     1
  Eat: Chunk             |     3 |    11 |    15 |    18 |    35 |    42 |    52 |     1 ||   177
       Ration            |       |       |     4 |    11 |     9 |    13 |     6 |     9 ||    52
Armor: Ring mail         |    38 |       |       |   120 |       |       |       |       ||   158
       Plate armour      |    25 |   193 |   449 |   230 |   349 |   947 |   368 |       ||  2561
       Scale mail        |       |       |       |   256 |   356 |       |       |       ||   612
       Pearl dragon scal |       |       |       |       |       |       |   419 |   214 ||   633
       Acid dragon scale |       |       |       |       |       |       |     3 |       ||     3
Dodge: Dodged            |    53 |    61 |    87 |   305 |   373 |   329 |   501 |   248 ||  1957
       Deflected         |       |       |       |       |       |       |     7 |    14 ||    21
Block: Other             |     7 |    49 |    58 |     6 |       |     6 |       |       ||   126
       Shield            |       |       |   141 |  1010 |  1657 |  1645 |  1699 |       ||  6152
       Large shield      |       |       |       |       |       |       |   404 |  1050 ||  1454

Table legend:
 A = Spawn XP
 B = Non-spawn XP
 C = Spawn XP percentage of total XP
 D = Spawn monster count
 E = Non-spawn monster count
 F = Spawn count percentage of total count
 G = Total turns spent on level
                    A         B        C        D         E        F      G
               +---------+---------+-------+---------+---------+-------+---------
         Total |    2487 |  820639 |   0.3 |       8 |    1968 |   0.4 | 96136
               +---------+---------+-------+---------+---------+-------+---------
           D:1 |       0 |      41 |   0.0 |       0 |      23 |   0.0 |  1256
           D:2 |       0 |     111 |   0.0 |       0 |      25 |   0.0 |  1498
           D:3 |       0 |      20 |   0.0 |       0 |      10 |   0.0 |  1027
           D:4 |       0 |     239 |   0.0 |       0 |      16 |   0.0 |  1483
           D:5 |       0 |     563 |   0.0 |       0 |      20 |   0.0 |   818
           D:6 |       0 |     355 |   0.0 |       0 |       7 |   0.0 |  1371
           D:7 |       0 |     724 |   0.0 |       0 |      32 |   0.0 |  2268
           D:8 |       0 |    1118 |   0.0 |       0 |       9 |   0.0 |  1289
           D:9 |       0 |    1092 |   0.0 |       0 |      29 |   0.0 |  2929
          D:10 |       0 |    6754 |   0.0 |       0 |      96 |   0.0 |  4623
          D:11 |       0 |    5355 |   0.0 |       0 |      35 |   0.0 |  1967
          D:12 |       0 |    6570 |   0.0 |       0 |      50 |   0.0 |  1495
          D:13 |       0 |   17246 |   0.0 |       0 |      41 |   0.0 |  2785
          D:14 |       0 |   19652 |   0.0 |       0 |      71 |   0.0 |  1896
          D:15 |       0 |   12653 |   0.0 |       0 |      27 |   0.0 |  1812
        Lair:1 |       0 |    4564 |   0.0 |       0 |      25 |   0.0 |  2630
        Lair:2 |       0 |    2858 |   0.0 |       0 |      13 |   0.0 |  1985
        Lair:3 |       0 |    5515 |   0.0 |       0 |      29 |   0.0 |  4218
        Lair:4 |       0 |    8137 |   0.0 |       0 |      25 |   0.0 |  3053
        Lair:5 |       0 |    5534 |   0.0 |       0 |      23 |   0.0 |  2038
        Lair:6 |       0 |   14207 |   0.0 |       0 |      54 |   0.0 |  2091
       Swamp:1 |       0 |    9162 |   0.0 |       0 |      24 |   0.0 |  1906
       Swamp:2 |       0 |   13039 |   0.0 |       0 |      36 |   0.0 |  1505
       Swamp:3 |       0 |    5005 |   0.0 |       0 |      19 |   0.0 |  1886
       Swamp:4 |       0 |   22513 |   0.0 |       0 |      46 |   0.0 |  2229
      Spider:1 |       0 |   18550 |   0.0 |       0 |      56 |   0.0 |  2359
      Spider:2 |       0 |   15164 |   0.0 |       0 |      50 |   0.0 |  1215
      Spider:3 |       0 |   13996 |   0.0 |       0 |      45 |   0.0 |  1646
      Spider:4 |       0 |   30293 |   0.0 |       0 |      67 |   0.0 |  3967
         Orc:1 |       0 |    2421 |   0.0 |       0 |      19 |   0.0 |   712
         Orc:2 |       0 |   16161 |   0.0 |       0 |      81 |   0.0 |  2341
         Elf:1 |       0 |   21529 |   0.0 |       0 |      40 |   0.0 |  2241
         Elf:2 |       0 |   37608 |   0.0 |       0 |      50 |   0.0 |  2365
      Vaults:1 |       0 |   45925 |   0.0 |       0 |      74 |   0.0 |  3890
      Vaults:2 |       0 |   49733 |   0.0 |       0 |      90 |   0.0 |  3447
      Vaults:3 |       0 |   57443 |   0.0 |       0 |     104 |   0.0 |  3340
      Vaults:4 |       0 |   47581 |   0.0 |       0 |      90 |   0.0 |  2598
      Vaults:5 |       0 |   62294 |   0.0 |       0 |      85 |   0.0 |   510
      Depths:1 |       0 |   23558 |   0.0 |       0 |      37 |   0.0 |  2750
      Depths:2 |       0 |   67250 |   0.0 |       0 |      70 |   0.0 |  1717
      Depths:3 |       0 |   57558 |   0.0 |       0 |      85 |   0.0 |  2153
      Depths:4 |       0 |   45905 |   0.0 |       0 |      56 |   0.0 |  2494
      Depths:5 |       0 |   31179 |   0.0 |       0 |      27 |   0.0 |  2700
       Abyss:1 |    2445 |     525 |  82.3 |       7 |       2 |  77.8 |   304
       Abyss:2 |      42 |    2791 |   1.5 |       1 |       3 |  25.0 |    62
           Lab |       0 |     519 |   0.0 |       0 |       1 |   0.0 |   258
         IceCv |       0 |    9629 |   0.0 |       0 |      51 |   0.0 |   925
               +---------+---------+-------+---------+---------+-------+---------
